 Dungeon Crawl Stone Soup version 0.31-a0-229-g1fc7ce93e2 (webtiles) character file.

Game seed: 2314765047994871896

2911 rabbitsville the Cleaver (level 9, -9/85 HPs)
             Began as a Hill Orc Fighter on July 6, 2023.
             Was a High Priest of Uskayaw.
             Mangled by a yak (13 damage)
             ... on level 8 of the Dungeon.
             The game lasted 00:12:56 (6325 turns).

rabbitsville the Cleaver (Hill Orc Fighter)         Turns: 6325, Time: 00:12:56

Health: -9/85      AC: 10    Str: 23    XL:     9   Next: 78%
Magic:  9/13       EV:  9    Int:  8    God:    Uskayaw [*****.]
Gold:   463        SH:  5    Dex: 10    Spells: 8/8 levels left

rFire   . . .        a - +0 war axe
rCold   . . .        c - +0 buckler
rNeg    . . .        b - +0 scale mail
rPois   +            (no helmet)
rElec   .            (no cloak)
rCorr   .            A - +1 pair of gloves
SInv    .            G - +0 pair of boots
Will    +....        (no amulet) Stlth
                     i - ring of willpower
HPRegen 0.34/turn    j - ring of poison resistance
MPRegen 0.13/turn

%: no passive effects
@: no status effects
A: no striking features
a: Renounce Religion, Stomp, Line Pass, Grand Finale


You were on level 8 of the Dungeon.
You worshipped Uskayaw.
Uskayaw was noncommittal.
You visited 2 branches of the dungeon, and saw 9 of its levels.

You collected 463 gold pieces.

Inventory:

Hand Weapons
 a - a +0 war axe (weapon)
Missiles
 v - 30 poisoned darts (quivered)
Armour
 b - a +0 scale mail (worn)
 c - a +0 buckler (worn)
 A - a +1 pair of gloves (worn)
 G - a +0 pair of boots (worn)
Jewellery
 i - a ring of willpower (left hand)
 j - a ring of poison resistance (right hand)
 p - a ring of flight
 I - a +6 ring of intelligence
Wands
 y - a wand of roots (7)
 E - a wand of flame (17)
Scrolls
 f - 5 scrolls of identify {unknown}
 h - 3 scrolls of vulnerability {unknown}
 k - 2 scrolls of fear {unknown}
 l - 3 scrolls of blinking {unknown}
 m - 3 scrolls of poison {unknown}
 q - a scroll of fog {unknown}
 r - 4 scrolls of teleportation {unknown}
 s - a scroll of enchant weapon {unknown}
 t - a scroll of brand weapon {unknown}
 u - 2 scrolls of amnesia {unknown}
 C - a scroll of immolation {unknown}
 D - a scroll of silence {unknown}
 F - a scroll of revelation {unknown}
Potions
 d - 3 potions of might
 e - a potion of lignification {unknown}
 g - 3 potions of brilliance {unknown}
 n - a potion of degeneration {unknown}
 o - a potion of attraction {unknown}
 w - a potion of magic {unknown}
 x - a potion of resistance {unknown}
 z - 2 potions of curing {unknown}
 B - 3 potions of heal wounds {unknown}
 H - a potion of mutation {unknown}


   Skills:
 + Level 9.8 Fighting
 * Level 11.2 Axes
 - Level 3.2 Armour
 - Level 6.1 Shields
 * Level 6.1 Invocations


You had 8 spell levels left.
You didn't know any spells.
Your spell library contained the following spells:

 Spells                   Type           Power      Damage    Failure   Level
 Kiss of Death            Conj/Necr      0%         2d5       78%         1
 Blink                    Tloc           0%         N/A       89%         2
 Lesser Beckoning         Tloc           0%         N/A       89%         2
 Momentum Strike          Conj/Tloc      0%         3d8       89%         2
 Poisonous Vapours        Pois/Air       0%         N/A       89%         2
 Confusing Touch          Hex            0%         N/A       98%         3
 Gell's Gravitas          Tloc           0%         N/A       98%         3
 Mephitic Cloud           Conj/Pois/Air  0%         N/A       98%         3
 Teleport Other           Tloc           0%         N/A       98%         3
 Dispel Undead            Necr           0%         3d6       100%        4
 Freezing Cloud           Conj/Ice/Air   0%         6-21      100%        5


Dungeon Overview and Level Annotations

Branches:
Dungeon (8/15)             Temple (1/1) D:6
   Lair: D:8-11

Altars:
Ashenzari
Cheibriados
Dithmenos
Elyvilon
Fedhas
Hepliaklqana
Kikubaaqudgha
Makhleb
Nemelex Xobeh
Okawaru
Qazlal
Ru
Sif Muna
Trog
Uskayaw
Vehumet
Wu Jian
Xom
Yredelemnul
Zin
The Shining One

Shops:
D:3 [   D:5 *   D:7 !

Annotations:
D:7 1 runed translucent door, Crazy Yiuf


Message History

The yak barely misses you.
You slash the yak!
You kill the yak!
Your Invocations skill increases to level 6!
You slash the yak!
The yak is moderately wounded.
The yak gores you!
You slash the yak!
The yak is moderately wounded.
The yak gores you.
* * * LOW HITPOINT WARNING * * *
Throw: 30 darts (poison)
Press: ? - help, Q - select action, (/) - cycle Shift-Dir - straight line, f - yak
Aim: a yak (moderately wounded, 71% to hit)
Okay, then.
Okay, then.
Aiming: Line Pass
Press: ? - help, Dir - move target The yak appears confused. x2
You hit the yak.
The yak is lightly wounded.
The yak seems less confused. x2; The yak closely misses you.
You slash the yak!
The yak is heavily wounded.
You barely miss the yak. The yak barely misses you. The yak gores you!
* * * LOW HITPOINT WARNING * * *
You hit the yak.
The yak is heavily wounded.
You hit the yak but do no damage. The yak gores you!
* * * LOW HITPOINT WARNING * * *
You block the yak's attack.
Aiming: Grand Finale
Press: ? - help, Shift-Dir - straight line, f - yak
Aim: a yak (heavily wounded)
You fail to use your ability.
You block the yak's attack. The yak gores you but does no damage.
You hit the yak but do no damage.
The yak is heavily wounded.
You hit the yak. The yak gores you!
You die...

## ####.##
##.....# ......#
#.....## #......#
# #(@Y..##.#
#......#Y###.#.#
#.....###†....#
.#.### #).?...#
.#
##.....#.....#...
..... #......# #
#..< #)....##.#
#......#.###.#.#
#.....###.....#


You could see 2 yaks.

Vanquished Creatures
  Grinder (D:4)
  2 yaks (D:8)
  A steam dragon (D:5)
  2 water moccasins
  3 black bears
  2 ice beasts (D:7)
  2 centaurs
  2 phantoms
  2 kobold brigands
  3 scorpions (D:6)
  6 wights
  4 howler monkeys
  3 hounds
  2 jellies
  A sleepcap (D:5)
  3 iguanas
  An orc wizard (D:7)
  11 gnolls
  6 adders
  3 shadow imps
  A white imp (D:6)
  An ufetubus (D:6)
  2 worms
  4 dart slugs
  7 orcs
  4 endoplasms
  A giant cockroach (D:1)
  7 goblins
  3 hobgoblins
  2 jackals (D:3)
  4 quokkas
  3 ball pythons
  3 bats
  3 frilled lizards
  17 kobolds
  4 rats
126 creatures vanquished.

Notes
Turn   | Place    | Note
-------+----------+-------------------------------------------
     0 | D:1      | rabbitsville the Hill Orc Fighter began the quest for the
                  | Orb.
     0 | D:1      | Reached XP level 1. HP: 19/19 MP: 1/1
   160 | D:1      | Reached skill level 3 in Axes
   182 | D:1      | Noticed a golden eye
   184 | D:1      | Found a faded altar of an unknown god.
   185 | D:1      | Noticed a golden eye
   185 | D:1      | Noticed a floating eye
   185 | D:1      | Noticed a golden eye
   232 | D:1      | Reached XP level 2. HP: 27/27 MP: 2/2
   473 | D:1      | Reached XP level 3. HP: 18/33 MP: 3/3
   744 | D:2      | Found a bloodstained altar of Trog.
   977 | D:2      | Reached skill level 4 in Axes
  1204 | D:3      | Reached XP level 4. HP: 40/41 MP: 4/4
  1488 | D:3      | Reached skill level 5 in Fighting
  1578 | D:3      | Reached XP level 5. HP: 47/48 MP: 5/5
  1711 | D:3      | Reached skill level 5 in Axes
  1877 | D:3      | Found Ixeum's Armour Boutique.
  2710 | D:4      | Reached XP level 6. HP: 51/57 MP: 6/6
  2741 | D:4      | Noticed Grinder
  2768 | D:4      | Killed Grinder
  2769 | D:4      | Reached skill level 6 in Axes
  2769 | D:4      | Reached XP level 7. HP: 47/64 MP: 7/7
  3234 | D:5      | Entered Level 5 of the Dungeon
  3324 | D:5      | Noticed a steam dragon
  3332 | D:5      | Killed a steam dragon
  3333 | D:5      | Reached skill level 7 in Axes
  3333 | D:5      | Reached skill level 5 in Shields
  3432 | D:5      | Found a bloodstained altar of Trog.
  3623 | D:5      | Reached XP level 8. HP: 73/73 MP: 8/8
  3754 | D:5      | Reached skill level 8 in Axes
  3896 | D:5      | Identified the +2 spear of Brawling {protect, rCorr Dex+4}
  3942 | D:5      | Found Efyrohots's General Store.
  4215 | D:6      | Found a blossoming altar of Fedhas.
  4470 | D:6      | Reached skill level 9 in Axes
  4967 | D:6      | Found a staircase to the Ecumenical Temple.
  4971 | Temple   | Entered the Ecumenical Temple
  5015 | Temple   | Became a worshipper of Uskayaw the Reveller
  5280 | D:7      | Identified the +5 great sword "Cegiav" {flame, rF+ rC-
                  | Int+2}
  5283 | D:7      | Reached * piety under Uskayaw
  5290 | D:7      | Reached skill level 1 in Invocations
  5296 | D:7      | Reached XP level 9. HP: 64/83 MP: 8/10
  5440 | D:7      | Reached ** piety under Uskayaw
  5452 | D:7      | Reached *** piety under Uskayaw
  5472 | D:7      | Reached skill level 10 in Axes
  5472 | D:7      | Reached **** piety under Uskayaw
  5476 | D:7      | Reached ***** piety under Uskayaw
  5747 | D:7      | Found a hazy altar of Hepliaklqana.
  5762 | D:7      | Found a shadowy altar of Dithmenos.
  5810 | D:7      | Found Giol Pof's Distillery.
  5870 | D:7      | Found an iron altar of Okawaru.
  6174 | D:7      | Found a runed translucent door.
  6175 | D:7      | Noticed Crazy Yiuf
  6232 | D:8      | Reached skill level 5 in Invocations
  6310 | D:8      | Reached skill level 11 in Axes
  6323 | D:8      | HP: 3/85 [yak (11)]
  6325 | D:8      | Mangled by a yak

Illustrated notes

Levels and vault maps discovered:
D:1:      dpeg_arrival_oval, layout_basic,
          hellmonk_ecumenical_altar_watching_god, lexackson_kobold_supper
D:2:      layout_rooms, basic_altar, kennysheep_generic_room_13
D:3:      layout_loops_corners, serial_shops, nicolae_shop_advertising_works
          [nicolae_subvault_shop_adworks], grunt_decor_cap
D:4:      layout_basic, uniq_grinder
D:5:      layout_loops_ring, amcnicky_altar_gilded, nicolae_take_the_stairs,
          minmay_misc_feat_hallway
D:6:      layout_basic, mainiacjoe_overflow_cross_hatched, temple_hall_moat
D:7:      layout_rooms, riverfiend_overflow_shadow_ancestor,
          mainiacjoe_overflow_brackets, serial_shops, shop,
          mrwooster_statue_mirror, uniq_crazy_yiuf_cottage
D:8:      nicolae_BIG_FREAKIN_CUBE, layout_basic
Temple:   lightli_temple_of_artemis

Skill      XL: |  1  2  3  4  5  6  7  8  9 |
---------------+----------------------------+-----
Axes           | 3 4 5 6 7 9 11 | 11.2
Fighting       | 4 5 6 7 9 |  9.8
Shields        | 4 5 6 |  6.1
Invocations    | 1 6 |  6.1
Armour         | |  3.2

Action                     |  1- 3 |  4- 6 |  7- 9 || total
---------------------------+-------+-------+-------++-------
  Melee: War axe           |    91 |   123 |   252 ||   466
  Throw: Dart              |       |     5 |       ||     5
 Invoke: Line Pass         |       |       |     1 ||     1
   Stab: Paralysed         |       |       |     7 ||     7
 Armour: Scale mail        |    51 |    54 |   127 ||   232
  Dodge: Dodged            |    37 |    43 |   105 ||   185
  Block: Buckler           |    16 |    21 |    56 ||    93

Table legend: (Time is in decaauts)
 A = Elapsed time spent in this place.
 B = Non-inter-level travel time spent in this place.
 C = Inter-level travel time spent in this place.
 D = Time resting spent in this place.
 E = Time spent auto-exploring this place.
 F = Levels seen in this place.
 G = Mean time per level.
                   A        B        C        D        E       F      G
               +--------+--------+--------+--------+--------+-----+--------+
         Total |   6405 |   6179 |    226 |      0 |   4625 |   9 |  711.7 |
       Dungeon |   6259 |   6057 |    202 |      0 |   4560 |   8 |  782.4 |
        Temple |    145 |    121 |     24 |      0 |     65 |   1 |  145.0 |
               +--------+--------+--------+--------+--------+-----+--------+

Top non-repeatable levels by time:
     D:4: 1080 daAuts
     D:3: 1031 daAuts
     D:7: 991 daAuts
     D:5: 936 daAuts
     D:6: 925 daAuts
     D:1: 751 daAuts
     D:2: 435 daAuts
  Temple: 145 daAuts
     D:8: 108 daAuts
